 Dungeon Crawl Stone Soup version 0.27-a0-972-gd1521fd518 (webtiles) character file.

Game seed: 9099388108735150168

119 tardwrangler69 the Digger (level 4, -4/33 HPs)
             Began as a Draconian Earth Elementalist on Apr 13, 2021.
             Slain by an orc
             ... wielding a +0 flail of protection
              (6 damage)
             ... on level 2 of the Dungeon.
             The game lasted 00:02:29 (2592 turns).

tardwrangler69 the Digger (DrEE)                    Turns: 2592, Time: 00:02:30

Health: -4/33      AC:  5    Str: 10    XL:     4   Next: 73%
Magic:  8/8        EV: 12    Int: 16    God:
Gold:   83         SH:  0    Dex: 12    Spells: 8/9 levels left

rFire    . . .     SeeInvis .   c - +0 whip
rCold    . . .     Faith    .   (no shield)
rNeg     . . .     Spirit   .   (armour unavailable)
rPois    .         Reflect  .   (helmet restricted)
rElec    .         Harm     .   (no cloak)
rCorr    .         Rampage  .   (no gloves)
Will     .....                  (no boots)
Stlth    ++........             (no amulet)
HPRegen  0.11/turn              (no ring)
MPRegen  0.11/turn              (no ring)

@: no status effects
A: AC +5, unfitting armour, cold-blooded
a: no special abilities


You were on level 2 of the Dungeon.
You visited 1 branch of the dungeon, and saw 2 of its levels.

You collected 83 gold pieces.

Inventory:

Hand Weapons
 c - a +0 whip (weapon)
Missiles
 d - 8 atropa-tipped darts
Magical Staves
 a - a staff of conjuration
Scrolls
 g - a scroll of fog {unknown}
 h - a scroll of vulnerability {unknown}
 i - a scroll of fear {unknown}
 k - a scroll of acquirement {unknown}
Potions
 e - a potion of cancellation {unknown}
 f - 2 potions of degeneration {unknown}
 j - a potion of heal wounds {unknown}


   Skills:
 - Level 1.7 Dodging
 - Level 1.7 Stealth
 + Level 3.0 Spellcasting
 - Level 1.0 Transmutations
 * Level 4.8 Earth Magic


You had 8 spell levels left.
You knew the following spells:

 Your Spells              Type           Power      Damage    Failure   Level
a - Sandblast             Erth           36%        2d10      2%          1

Your spell library contained the following spells:

 Spells                   Type           Power      Damage    Failure   Level
 Passwall                 Tmut/Erth      9%         N/A       9%          2
 Stone Arrow              Conj/Erth      20%        3d8       21%         3
 Petrify                  Tmut/Erth      11%        N/A       50%         4
 Lee's Rapid Deconstruct  Erth           9%         3d8*      56%         5


Dungeon Overview and Level Annotations

Branches:
Dungeon (2/15)

Altars:


Innate Abilities, Weirdness & Mutations

Your plain brown scales are hard. (AC +5)
You cannot fit into any form of body armour.
You are cold-blooded and may be slowed by cold attacks.


Message History

Confirm with . or Enter, or press ? or * to list all spells.
You don't have any stones to cast with.
Unknown command.
Unknown command.
The orc hits you with a +0 flail of protection.
You hit the orc but do no damage.
You tail-slap the orc, but do no damage.
The orc hits you with a +0 flail of protection.
* * * LOW HITPOINT WARNING * * *
You barely miss the orc.
You tail-slap the orc, but do no damage.
The orc closely misses you.
You hit the orc but do no damage. The orc misses you.
The orc hits you with a +0 flail of protection!
* * * LOW HITPOINT WARNING * * *
The orc barely misses you.
Casting: Sandblast (safe; 2% risk of failure)
Confirm with . or Enter, or press ? or * to list all spells.
You don't have any stones to cast with.
Casting: Sandblast (safe; 2% risk of failure)
Confirm with . or Enter, or press ? or * to list all spells.
Okay, then.
Unknown command.
You barely miss the orc. The orc misses you.
You hit the orc but do no damage. The orc closely misses you.
You hit the orc but do no damage. The orc hits you but does no damage.
You closely miss the orc.
The orc hits you with a +0 flail of protection.
* * * LOW HITPOINT WARNING * * *
The orc misses you.
You hit the orc.
The orc is lightly wounded.
The orc closely misses you.
You hit the orc.
The orc is moderately wounded.
The orc closely misses you.
You hit the orc.
The orc is severely wounded.
The orc hits you with a +0 flail of protection.
You die...

##################
#................#######
#.#######..รท..o@.......#######
#.# #.######.............# #.#
#.# ##.#####.#####.# #.# #.#
#..............# #.# #.#
#..>###..####<.# #.#######.##
#...# #..# #..# #.#........#
#...# #..####..###
#.#.##[....####...#
#...........
#.#.##............#
#######..###


You could see an orc.

Vanquished Creatures
  An orc priest (D:2)
  Natasha (D:2)
  A dart slug (D:1)
  2 orcs (D:2)
  4 ball pythons (D:1)
  3 endoplasms
  A giant cockroach (D:1)
  5 goblins
  6 hobgoblins
  9 jackals
  4 quokkas
  5 bats
  A frilled lizard (D:1)
  5 kobolds
  7 rats
55 creatures vanquished.

Notes
Turn   | Place    | Note
-------+----------+-------------------------------------------
     0 | D:1      | tardwrangler69 the Draconian Earth Elementalist began the
                  | quest for the Orb.
     0 | D:1      | Reached XP level 1. HP: 14/14 MP: 3/3
   272 | D:1      | Reached XP level 2. HP: 7/20 MP: 3/5
  1175 | D:1      | Reached XP level 3. HP: 17/26 MP: 6/6
  1521 | D:1      | Reached skill level 4 in Earth Magic
  1590 | D:1      | Found a faded altar of an unknown god.
  2323 | D:2      | Noticed Natasha
  2329 | D:2      | Killed Natasha
  2330 | D:2      | Reached XP level 4. HP: 24/33 MP: 2/8
  2589 | D:2      | HP: 1/33 [orc/+0 flail of protection (3)]
  2592 | D:2      | Slain by an orc

Illustrated notes

Levels and vault maps discovered:
D:1:      moated_graveyard_arrival, layout_basic,
          chequers_ecumenical_altar_lobes
D:2:      minmay_recursive_quarters, layout_loops_ring, uniq_robin, uniq_natasha

Skill      XL: |  1  2  3  4 |
---------------+-------------+-----
Earth Magic    | 4 |  4.8
Spellcasting   | 3 |  3.0
Dodging        | |  1.7
Stealth        | |  1.7
Transmutations | |  1.0

Action                   |  1- 3 |  4- 6 || total
-------------------------+-------+-------++-------
Melee: Staff             |    23 |       ||    23
       Tailslap          |    13 |     6 ||    19
       Whip              |    89 |    37 ||   126
       Short sword       |    14 |       ||    14
       Dagger            |     4 |       ||     4
 Cast: Sandblast         |    24 |    11 ||    35
 Stab: Sleeping          |     4 |       ||     4
Armor: Skin              |    49 |    11 ||    60
Dodge: Dodged            |   127 |    19 ||   146

Table legend: (Time is in decaauts)
 A = Elapsed time spent in this place.
 B = Non-inter-level travel time spent in this place.
 C = Inter-level travel time spent in this place.
 D = Time resting spent in this place.
 E = Time spent auto-exploring this place.
 F = Levels seen in this place.
 G = Mean time per level.
                   A        B        C        D        E       F      G
               +--------+--------+--------+--------+--------+-----+--------+
         Total |   2610 |   2598 |     12 |      0 |   2132 |   2 | 1305.0 |
       Dungeon |   2610 |   2598 |     12 |      0 |   2132 |   2 | 1305.0 |
               +--------+--------+--------+--------+--------+-----+--------+

Top non-repeatable levels by time:
     D:1: 1782 daAuts
     D:2: 827 daAuts
